Comets vs Thunderbirds
Created - February 12, 2024 at 19:43
Goals
|
Comets |
1 |
2 |
2 |
0 |
2 |
6 |
Thunderbirds |
2 |
2 |
1 |
0 |
0 |
5 |
|
Shots
|
Comets |
9 |
10 |
8 |
1 |
3 |
28 |
Thunderbirds |
13 |
14 |
11 |
1 |
2 |
39 |
|
1st period
1. Comets , Ryan Lomberg 26 (Nicolas Petan 47) at 1:18
2. Thunderbirds , Roberts Lipsbergs 10 (Morgan Frost 14, Nicklas Jensen 1) at 7:20
3. Thunderbirds , Andrei Svechnikov 21 (Patrick Brown 9, Dylan Gambrell 29) at 7:58
Penalties :
Tyler Graovac (Uti) for Holding (Minor) at 11:28, Juuso Riikola (Uti) for Roughing (Minor) at 15:20, Anthony Beauvillier (Spr) for Cross-checking (Minor) at 19:22
2nd period
4. Thunderbirds , Patrick Brown 15 (Andrei Svechnikov 22, Jake Walman 7) at 10:39
5. Comets , Trevor Moore 13 (Tyler Graovac 13, Scott Harrington 18) at 14:01
6. Thunderbirds , Drake Batherson 42 (Andrei Svechnikov 23, Dominik Kahun 44) at 16:44 (PP)
7. Comets , Daniel Zaar 24 (Dan Renouf 7, William Lagesson 11) at 18:21
Penalties :
Juho Lammikko (Uti) for Interference (Minor) at 6:07, Juho Lammikko (Uti) for Hooking (Minor) at 11:17, Juho Lammikko (Uti) for Hooking (Minor) at 15:34
3rd period
8. Comets , Trevor Moore 14 (Dan Renouf 8) at 6:49
9. Comets , Phil Di Giuseppe 28 (William Lagesson 12) at 13:07
10. Thunderbirds , Kale Clague 4 (Dominik Kahun 45, Andrei Svechnikov 24) at 19:42
Penalties :
Ryan Lomberg (Uti) for Holding (Minor) at 4:35, Jake Walman (Spr) for Tripping (Minor) at 6:52
Overtime #1
No Goal
Penalties :
No Penalty
Shootout
Comets, Daniel Zaar - Goal!
Thunderbirds, Andrei Svechnikov - Shot Misses the Net
Comets, Ryan Lomberg - Shot Misses the Net
Thunderbirds, Anthony Beauvillier - Stopped by Thatcher Demko
Comets, Nicolas Petan - Goal!
Penalties :
No Penalty
Goalie Stats
Thatcher Demko (Uti), 34 saves from 39 shots - (0.872), W, 21-15-2, 65:00 minutes
Brandon Halverson (Spr), 23 saves from 28 shots - (0.821), OTL, 25-8-2, 64:26 minutes
Players Stats for Comets
Player Name G A P +/- PIM S H SB GA TA FO MP PP MP PK MP
------------------------------------------------------------------------------------
Dan Renouf 0 2 2 2 0 0 1 2 0 0 0/0 21:56 1:19 3:31
Daniel Zaar 1 0 1 0 0 2 0 2 0 0 0/1 20:01 2:12 0:00
Daniil Miromanov 0 0 0 -2 0 0 3 0 1 2 0/0 11:29 0:00 0:33
Guillaume Brisebois 0 0 0 -2 0 0 2 2 0 2 0/0 11:52 0:00 0:33
Jean-Sebastien Dea 0 0 0 0 0 1 0 1 1 0 5/11 19:06 1:46 2:54
Juho Lammikko 0 0 0 0 6 3 3 0 1 1 0/1 18:17 1:46 1:12
Juuso Riikola 0 0 0 1 2 1 0 2 1 1 0/0 28:20 2:39 5:35
Lane Pederson 0 0 0 0 0 1 1 0 0 0 1/1 7:18 0:00 1:15
Mackenzie MacEachern 0 0 0 0 0 1 0 0 1 1 0/0 8:13 0:00 1:53
Michael Joly 0 0 0 1 0 2 0 0 1 0 0/0 8:55 0:00 0:00
Nicolas Petan 0 1 1 0 0 5 1 1 0 0 13/34 26:48 2:12 6:23
Phil Di Giuseppe 1 0 1 0 0 2 2 2 0 0 0/3 19:43 1:46 3:25
Ryan Lomberg 1 0 1 0 2 8 3 0 0 0 0/5 25:27 2:12 5:08
Scott Harrington 0 1 1 1 0 0 1 1 0 4 0/0 29:47 2:39 7:01
Trevor Moore 2 0 2 1 0 2 0 0 0 0 0/0 10:08 0:00 0:00
Tyler Graovac 0 1 1 1 2 0 1 0 0 0 0/4 9:06 0:00 0:00
William Lagesson 0 2 2 2 0 0 1 1 0 3 0/0 21:45 1:19 4:57
William Lockwood 0 0 0 0 0 0 1 0 0 0 0/0 5:38 0:00 0:00
Players Stats for Thunderbirds
Player Name G A P +/- PIM S H SB GA TA FO MP PP MP PK MP
------------------------------------------------------------------------------------
Andrei Svechnikov 1 3 4 3 0 4 1 0 2 0 0/1 20:47 6:48 0:06
Anthony Beauvillier 0 0 0 0 2 1 1 0 0 0 2/3 22:02 4:15 1:27
Dominik Kahun 0 2 2 1 0 4 4 0 3 1 23/31 23:38 6:48 0:32
Drake Batherson 1 0 1 1 0 8 1 0 2 0 1/3 23:26 6:48 0:00
Dylan Gambrell 0 1 1 2 0 1 0 0 0 0 5/6 17:24 4:15 0:00
Jake Walman 0 1 1 1 2 0 1 0 0 0 0/0 15:23 0:10 1:21
Jared McIsaac 0 0 0 0 0 0 2 0 0 0 0/0 16:01 3:48 0:20
Kale Clague 1 0 1 0 0 5 4 0 1 1 0/0 23:24 7:17 0:38
Matt Puempel 0 0 0 -1 0 2 2 0 1 0 2/2 11:22 0:02 0:53
Morgan Frost 0 1 1 -3 0 2 0 0 0 0 2/3 8:41 0:02 0:21
Nicklas Jensen 0 1 1 -3 0 2 2 0 1 0 0/0 8:01 0:02 0:00
Patrick Brown 1 1 2 2 0 1 2 0 0 0 0/0 16:03 4:15 0:00
Radim Simek 0 0 0 -1 0 2 1 0 1 0 0/0 27:16 3:48 3:00
Roberts Lipsbergs 1 0 1 -3 0 2 2 0 1 0 0/0 8:34 0:00 1:12
Tanner Laczynski 0 0 0 -1 0 2 2 1 0 1 0/0 12:09 0:00 0:32
Timothy Liljegren 0 0 0 -1 0 3 1 1 0 2 0/0 25:33 7:07 0:20
Tyson Jost 0 0 0 -1 0 0 1 0 1 0 6/11 13:50 0:00 2:53
Viktor Baldayev 0 0 0 -1 0 0 1 1 1 1 0/0 17:26 0:00 2:17
3 Stars
1 - Andrei Svechnikov (Spr)
2 - Trevor Moore (Uti)
3 - Patrick Brown (Spr)
Power Play
Comets - 0 on 2 Attempt(s) - 0.00%
Thunderbirds - 1 on 6 Attempt(s) - 16.67%
Penalty Kill
Comets - 5 on 6 Attempt(s) - 83.33%
- Score 0 goal in Penalty Kill
Thunderbirds - 2 on 2 Attempt(s) - 100.00%
- Score 0 goal in Penalty Kill
Team Stat
Comets - Hits : 20 - Faceoff Wins : 19 - Blocked Shots : 14 - Penalty Minutes : 12
Thunderbirds - Hits : 28 - Faceoff Wins : 41 - Blocked Shots : 3 - Penalty Minutes : 4
Official
Referees : Kyle Rehman and Brandon Schrader
Linesman : Jonny Murray and Trent Knorr
Game Notes
No Game Note
Finance
Level 1 -- Attendance: 2000 (100.00%) -- Ticket Income $140,000
Level 2 -- Attendance: 985 (98.50%) -- Ticket Income $39,400
Total Attendance: 2985 (99.50%)
Total Ticket Income: $179,400
Other Income: $8,970
Total Income: $188,370
Comets
5 vs 5 Forward
Center Left Wing Right Wing Time % Phy DF OF
1 Nicolas Petan Ryan Lomberg Daniel Zaar 53 1 2 2
2 Jean-Sebastien Dea Phil Di Giuseppe Juho Lammikko 30 1 2 2
3 Tyler Graovac Trevor Moore Michael Joly 12 1 2 2
4 Lane Pederson Mackenzie MacEachern William Lockwood 5 1 2 2
5 vs 5 Defense
Defense Defense Time % Phy DF OF
1 Scott Harrington Juuso Riikola 40 1 2 2
2 Dan Renouf William Lagesson 30 1 2 2
3 Guillaume Brisebois Daniil Miromanov 20 1 2 2
4 Scott Harrington Juuso Riikola 10 1 2 2
PowerPlay Forward
Center Left Wing Right Wing Time % Phy DF OF
1 Nicolas Petan Ryan Lomberg Daniel Zaar 60 1 2 2
2 Jean-Sebastien Dea Phil Di Giuseppe Juho Lammikko 40 1 2 2
PowerPlay Defense
Defense Defense Time % Phy DF OF
1 Scott Harrington Juuso Riikola 60 1 2 2
2 Dan Renouf William Lagesson 40 1 2 2
Penalty Kill 4 Players Forward
Center Wing Time % Phy DF OF
1 Nicolas Petan Ryan Lomberg 60 1 2 2
2 Jean-Sebastien Dea Phil Di Giuseppe 40 1 2 2
Penalty Kill 4 Players Defense
Defense Defense Time % Phy DF OF
1 Scott Harrington Juuso Riikola 60 1 2 2
2 Dan Renouf William Lagesson 40 1 2 2
Penalty Kill - 3 Players Forward
Forward Time % Phy DF OF
1 Nicolas Petan 60 1 2 2
2 Jean-Sebastien Dea 40 1 2 2
Penalty Kill - 3 Players Defense
Defense Defense Time % Phy DF OF
1 Scott Harrington Juuso Riikola 60 1 2 2
2 Dan Renouf William Lagesson 40 1 2 2
4 vs 4 Forward
Center Wing Time % Phy DF OF
1 Nicolas Petan Ryan Lomberg 60 1 2 2
2 Jean-Sebastien Dea Phil Di Giuseppe 40 1 2 2
4 vs 4 Defense
Defense Defense Time % Phy DF OF
1 Scott Harrington Juuso Riikola 60 1 2 2
2 Dan Renouf William Lagesson 40 1 2 2
Last Minutes Offensive
Center Left Wing Right Wing Defense Defense
Nicolas Petan Ryan Lomberg Daniel Zaar Scott Harrington Juuso Riikola
Last Minutes Defensive
Center Left Wing Right Wing Defense Defense
Nicolas Petan Ryan Lomberg Daniel Zaar Scott Harrington Juuso Riikola
Goaltenders
Starting : Thatcher Demko
Backup : Casey DeSmith
Extra Forwards
Normal : Juho Lammikko, Phil Di Giuseppe, Trevor Moore - PP : Juho Lammikko, Phil Di Giuseppe - PK : Juho Lammikko
Extra Defensemen
Normal : William Lagesson, Guillaume Brisebois, Daniil Miromanov - PP : William Lagesson - PK : William Lagesson, Guillaume Brisebois
Penalty Shots
Daniel Zaar, Ryan Lomberg, Nicolas Petan, Jean-Sebastien Dea, Juho Lammikko
Custom OT Lines Forwards
Daniel Zaar, Ryan Lomberg, Nicolas Petan, Jean-Sebastien Dea, Juho Lammikko, Phil Di Giuseppe, Trevor Moore, Mackenzie MacEachern, Michael Joly, Tyler Graovac
Custom OT Lines Defensemen
Scott Harrington, Juuso Riikola, Dan Renouf, William Lagesson, Guillaume Brisebois
Scratches
Adam Ollas-Mattsson (Right Hip Injury), Anton Zlobin (Healthy), Charles Hudon (Healthy), Curtis Lazar (Left Leg Injury), Jaret Anderson-Dolan (Healthy)
Brandon Saigeon (Healthy), Jay O'Brien (Healthy), Jack Rathbone (Healthy), Michael Kesselring (Healthy), Rasmus Asplund (Healthy)
Marek Langhamer (Healthy), Michael Dipietro (Healthy)
Thunderbirds
5 vs 5 Forward
Center Left Wing Right Wing Time % Phy DF OF
1 Dominik Kahun Anthony Beauvillier Drake Batherson 40 0 2 3
2 Dylan Gambrell Andrei Svechnikov Patrick Brown 30 0 2 3
3 Tyson Jost Matt Puempel Tanner Laczynski 20 0 2 3
4 Morgan Frost Roberts Lipsbergs Nicklas Jensen 10 0 2 3
5 vs 5 Defense
Defense Defense Time % Phy DF OF
1 Radim Simek Timothy Liljegren 40 0 2 3
2 Viktor Baldayev Kale Clague 30 0 2 3
3 Jake Walman Jared McIsaac 20 0 2 3
4 Radim Simek Timothy Liljegren 10 0 2 3
PowerPlay Forward
Center Left Wing Right Wing Time % Phy DF OF
1 Dominik Kahun Andrei Svechnikov Drake Batherson 60 0 1 4
2 Dylan Gambrell Anthony Beauvillier Patrick Brown 40 0 1 4
PowerPlay Defense
Defense Defense Time % Phy DF OF
1 Kale Clague Timothy Liljegren 60 0 2 3
2 Radim Simek Jared McIsaac 40 0 2 3
Penalty Kill 4 Players Forward
Center Wing Time % Phy DF OF
1 Tyson Jost Anthony Beauvillier 60 1 3 1
2 Dominik Kahun Tanner Laczynski 40 1 3 1
Penalty Kill 4 Players Defense
Defense Defense Time % Phy DF OF
1 Radim Simek Jake Walman 60 1 3 1
2 Viktor Baldayev Kale Clague 40 1 3 1
Penalty Kill - 3 Players Forward
Forward Time % Phy DF OF
1 Tyson Jost 60 1 3 1
2 Anthony Beauvillier 40 1 3 1
Penalty Kill - 3 Players Defense
Defense Defense Time % Phy DF OF
1 Radim Simek Jake Walman 60 1 4 0
2 Viktor Baldayev Kale Clague 40 1 4 0
4 vs 4 Forward
Center Wing Time % Phy DF OF
1 Dominik Kahun Drake Batherson 60 0 2 3
2 Dylan Gambrell Andrei Svechnikov 40 0 2 3
4 vs 4 Defense
Defense Defense Time % Phy DF OF
1 Radim Simek Timothy Liljegren 60 0 2 3
2 Viktor Baldayev Kale Clague 40 0 2 3
Last Minutes Offensive
Center Left Wing Right Wing Defense Defense
Dominik Kahun Andrei Svechnikov Drake Batherson Kale Clague Timothy Liljegren
Last Minutes Defensive
Center Left Wing Right Wing Defense Defense
Tyson Jost Roberts Lipsbergs Anthony Beauvillier Radim Simek Viktor Baldayev
Goaltenders
Starting : Brandon Halverson
Backup : Joseph Woll
Extra Forwards
Normal : Anthony Beauvillier, Andrei Svechnikov, Drake Batherson - PP : Anthony Beauvillier, Drake Batherson - PK : Roberts Lipsbergs
Extra Defensemen
Normal : Kale Clague, Timothy Liljegren, Radim Simek - PP : Jake Walman - PK : Viktor Baldayev, Radim Simek
Penalty Shots
Andrei Svechnikov, Anthony Beauvillier, Tanner Laczynski, Patrick Brown, Drake Batherson
Custom OT Lines Forwards
Anthony Beauvillier, Drake Batherson, Tanner Laczynski, Andrei Svechnikov, Dominik Kahun, Dylan Gambrell, Tyson Jost, Morgan Frost, Patrick Brown, Matt Puempel
Custom OT Lines Defensemen
Radim Simek, Viktor Baldayev, Kale Clague, Jake Walman, Timothy Liljegren
Scratches
Austin Poganski (Healthy), Mitchell Heard (Healthy), Artur Kayumov (Healthy), Kirill Marchenko (Healthy), Ivan Prosvetov (Healthy)
Jakub Skarek (Healthy)
% Time on Ice - Comets
Lines # - Real PCT - Wanted PCT - Time Play
Normal Forward
1 - 37% - 53% - 16:29
2 - 29% - 30% - 12:59
3 - 20% - 12% - 8:55
4 - 13% - 5% - 5:38
Normal Defense
1 - 41% - 40% - 17:56
2 - 35% - 30% - 15:29
3 - 22% - 20% - 9:50
4 - 2% - 10% - 0:46
PP Forward
1 - 55% - 60% - 2:12
2 - 45% - 40% - 1:46
PP Defense
1 - 67% - 60% - 2:39
2 - 33% - 40% - 1:19
PK Forward
1 - 74% - 60% - 8:11
2 - 26% - 40% - 2:54
PK Defense
1 - 68% - 60% - 7:34
2 - 32% - 40% - 3:31
PK3 Forward
1 - 0% - 60%
2 - 0% - 40%
PK3 Defense
1 - 0% - 60%
2 - 0% - 40%
44 Forward
1 - 0% - 60%
2 - 0% - 40%
44 Defense
1 - 0% - 60%
2 - 0% - 40%
Last Minute Offensive - 0:00
Last Minute Defensive - 0:56
Total
Forward - 60:00
Defense - 60:00
|
% Time on Ice - Thunderbirds
Lines # - Real PCT - Wanted PCT - Time Play
Normal Forward
1 - 33% - 40% - 14:28
2 - 28% - 30% - 12:17
3 - 23% - 20% - 10:02
4 - 17% - 10% - 7:17
Normal Defense
1 - 41% - 40% - 18:16
2 - 31% - 30% - 13:27
3 - 26% - 20% - 11:36
4 - 2% - 10% - 0:45
PP Forward
1 - 61% - 60% - 6:48
2 - 39% - 40% - 4:17
PP Defense
1 - 66% - 60% - 7:17
2 - 34% - 40% - 3:48
PK Forward
1 - 87% - 60% - 3:26
2 - 13% - 40% - 0:32
PK Defense
1 - 84% - 60% - 3:20
2 - 16% - 40% - 0:38
PK3 Forward
1 - 0% - 60%
2 - 0% - 40%
PK3 Defense
1 - 0% - 60%
2 - 0% - 40%
44 Forward
1 - 0% - 60%
2 - 0% - 40%
44 Defense
1 - 0% - 60%
2 - 0% - 40%
Last Minute Offensive - 0:53
Last Minute Defensive - 0:00
Total
Forward - 60:00
Defense - 60:00
|
Play-by-Play
1st period
0:01 of 1st period - Nicolas Petan wins face-off versus Dominik Kahun in neutral zone.
0:04 of 1st period - Wrist shot by Ryan Lomberg.
0:04 of 1st period - Shot Misses the Net.
0:06 of 1st period - Slapshot by Juuso Riikola.
0:06 of 1st period - Shot Blocked by Timothy Liljegren.
0:51 of 1st period - Kale Clague is hit by William Lagesson and loses puck.
1:08 of 1st period - Trevor Moore is hit by Viktor Baldayev.
1:14 of 1st period - Slapshot by Daniil Miromanov.
1:14 of 1st period - Deflect By Trevor Moore.
1:14 of 1st period - Shot Blocked by Viktor Baldayev.
1:14 of 1st period - Puck is out of play.
1:15 of 1st period - Nicolas Petan wins face-off versus Morgan Frost in Thunderbirds zone.
1:18 of 1st period - Wrist shot by Ryan Lomberg.
1:18 of 1st period - Goal by Ryan Lomberg - Comets : 1 - Thunderbirds : 0.
1:19 of 1st period - Dominik Kahun wins face-off versus Nicolas Petan in neutral zone.
2:09 of 1st period - Lane Pederson is hit by Roberts Lipsbergs and loses puck.
2:16 of 1st period - Slapshot by Morgan Frost.
2:16 of 1st period - Shot Blocked by Dan Renouf.
2:52 of 1st period - Dominik Kahun is hit by Dan Renouf and loses puck.
3:09 of 1st period - Nicolas Petan is hit by Jared McIsaac and loses puck.
3:50 of 1st period - Snap shot by Tanner Laczynski.
3:50 of 1st period - Stopped by Thatcher Demko with a rebound.
3:52 of 1st period - Wrist shot by Tanner Laczynski.
3:52 of 1st period - Shot Misses the Net.
4:38 of 1st period - Wrist shot by Nicklas Jensen.
4:38 of 1st period - Shot Blocked by Scott Harrington.
5:17 of 1st period - Jake Walman is hit by Daniil Miromanov and loses puck.
6:08 of 1st period - Timothy Liljegren is hit by Guillaume Brisebois and loses puck.
7:09 of 1st period - Ryan Lomberg is hit by Nicklas Jensen and loses puck.
7:18 of 1st period - Wrist shot by Morgan Frost.
7:18 of 1st period - Stopped by Thatcher Demko with a rebound.
7:20 of 1st period - Slapshot by Roberts Lipsbergs.
7:20 of 1st period - Goal by Roberts Lipsbergs - Comets : 1 - Thunderbirds : 1.
7:21 of 1st period - Dominik Kahun wins face-off versus Ryan Lomberg in neutral zone.
7:56 of 1st period - Wrist shot by Patrick Brown.
7:56 of 1st period - Shot Misses the Net.
7:58 of 1st period - Wrist shot by Andrei Svechnikov.
7:58 of 1st period - Goal by Andrei Svechnikov - Comets : 1 - Thunderbirds : 2.
7:59 of 1st period - Anthony Beauvillier wins face-off versus Ryan Lomberg in neutral zone.
8:31 of 1st period - Patrick Brown is hit by Phil Di Giuseppe.
8:35 of 1st period - Jake Walman is hit by Phil Di Giuseppe and loses puck.
8:46 of 1st period - Tyler Graovac is hit by Tanner Laczynski and loses puck.
9:33 of 1st period - Wrist shot by Dominik Kahun.
9:33 of 1st period - Deflect By Anthony Beauvillier.
9:33 of 1st period - Shot Blocked by Daniel Zaar.
9:33 of 1st period - Puck is out of play.
9:34 of 1st period - Dominik Kahun wins face-off versus Nicolas Petan in Comets zone.
9:59 of 1st period - Slapshot by Daniel Zaar.
9:59 of 1st period - Shot Misses the Net.
10:03 of 1st period - Snap shot by Daniel Zaar.
10:03 of 1st period - Stopped by Brandon Halverson with a rebound.
10:05 of 1st period - Snap shot by Nicolas Petan.
10:05 of 1st period - Stopped by Brandon Halverson without a rebound.
10:06 of 1st period - Dylan Gambrell wins face-off versus Jean-Sebastien Dea in Thunderbirds zone.
10:59 of 1st period - Drake Batherson is hit by Ryan Lomberg and loses puck.
11:28 of 1st period - Minor Penalty to Tyler Graovac for Holding.
11:29 of 1st period - Dominik Kahun wins face-off versus Ryan Lomberg in Comets zone.
11:30 of 1st period - Wrist shot by Drake Batherson.
11:30 of 1st period - Stopped by Thatcher Demko without a rebound.
11:31 of 1st period - Dominik Kahun wins face-off versus Nicolas Petan in Comets zone.
11:42 of 1st period - Snap shot by Ryan Lomberg.
11:42 of 1st period - Deflect By Nicolas Petan.
11:42 of 1st period - Stopped by Brandon Halverson with a rebound.
11:44 of 1st period - Snap shot by Ryan Lomberg.
11:44 of 1st period - Stopped by Brandon Halverson without a rebound.
11:45 of 1st period - Dominik Kahun wins face-off versus Nicolas Petan in Thunderbirds zone.
11:56 of 1st period - Wrist shot by Drake Batherson.
11:56 of 1st period - Deflect By Andrei Svechnikov.
11:56 of 1st period - Stopped by Thatcher Demko with a rebound.
11:58 of 1st period - Snap shot by Timothy Liljegren.
11:58 of 1st period - Deflect By Drake Batherson.
11:58 of 1st period - Shot Misses the Net.
11:58 of 1st period - Puck is out of play.
11:59 of 1st period - Nicolas Petan wins face-off versus Andrei Svechnikov in Comets zone.
11:59 of 1st period - Nicolas Petan is hit by Dominik Kahun.
12:11 of 1st period - Snap shot by Ryan Lomberg.
12:11 of 1st period - Stopped by Brandon Halverson with a rebound.
12:13 of 1st period - Snap shot by Nicolas Petan.
12:13 of 1st period - Shot Misses the Net.
12:15 of 1st period - Wrist shot by Nicolas Petan.
12:15 of 1st period - Stopped by Brandon Halverson with a rebound.
12:25 of 1st period - Nicolas Petan is hit by Kale Clague and loses puck.
13:28 of 1st period - Penalty to Tyler Graovac is over, Tyler Graovac is back on ice.
13:39 of 1st period - Slapshot by Matt Puempel.
13:39 of 1st period - Stopped by Thatcher Demko without a rebound.
13:40 of 1st period - Tyson Jost wins face-off versus Tyler Graovac in Comets zone.
13:43 of 1st period - Snap shot by Tanner Laczynski.
13:43 of 1st period - Shot Misses the Net.
13:45 of 1st period - Wrist shot by Tyson Jost.
13:45 of 1st period - Shot Blocked by Guillaume Brisebois.
14:25 of 1st period - Timothy Liljegren is hit by William Lockwood.
15:01 of 1st period - Wrist shot by Roberts Lipsbergs.
15:01 of 1st period - Stopped by Thatcher Demko with a rebound.
15:03 of 1st period - Slapshot by Timothy Liljegren.
15:03 of 1st period - Deflect By William Lagesson.
15:03 of 1st period - Stopped by Thatcher Demko with a rebound.
15:09 of 1st period - Wrist shot by Morgan Frost.
15:09 of 1st period - Stopped by Thatcher Demko without a rebound.
15:10 of 1st period - Dominik Kahun wins face-off versus Jean-Sebastien Dea in Comets zone.
15:17 of 1st period - Slapshot by Drake Batherson.
15:17 of 1st period - Stopped by Thatcher Demko without a rebound.
15:18 of 1st period - Jean-Sebastien Dea wins face-off versus Dominik Kahun in Comets zone.
15:20 of 1st period - Minor Penalty to Juuso Riikola for Roughing.
15:21 of 1st period - Dominik Kahun wins face-off versus Ryan Lomberg in Comets zone.
16:39 of 1st period - Anthony Beauvillier is hit by Guillaume Brisebois and loses puck.
16:43 of 1st period - Icing by Radim Simek.
16:44 of 1st period - Dylan Gambrell wins face-off versus Jean-Sebastien Dea in Thunderbirds zone.
17:20 of 1st period - Penalty to Juuso Riikola is over, Juuso Riikola is back on ice.
17:35 of 1st period - Slapshot by Daniil Miromanov.
17:35 of 1st period - Shot Blocked by Tanner Laczynski.
18:01 of 1st period - Snap shot by Nicklas Jensen.
18:01 of 1st period - Stopped by Thatcher Demko with a rebound.
18:03 of 1st period - Snap shot by Roberts Lipsbergs.
18:03 of 1st period - Shot Misses the Net.
18:05 of 1st period - Slapshot by Kale Clague.
18:05 of 1st period - Stopped by Thatcher Demko without a rebound.
18:06 of 1st period - Dominik Kahun wins face-off versus Jean-Sebastien Dea in Comets zone.
18:35 of 1st period - Phil Di Giuseppe is hit by Matt Puempel and loses puck.
18:44 of 1st period - Snap shot by Matt Puempel.
18:44 of 1st period - Shot Misses the Net.
18:46 of 1st period - Wrist shot by Tanner Laczynski.
18:46 of 1st period - Shot Misses the Net.
18:48 of 1st period - Snap shot by Viktor Baldayev.
18:48 of 1st period - Shot Blocked by Jean-Sebastien Dea.
19:02 of 1st period - Snap shot by Daniel Zaar.
19:02 of 1st period - Deflect By Ryan Lomberg.
19:02 of 1st period - Stopped by Brandon Halverson without a rebound.
19:03 of 1st period - Drake Batherson wins face-off versus Nicolas Petan in Thunderbirds zone.
19:09 of 1st period - Icing by Scott Harrington.
19:10 of 1st period - Nicolas Petan wins face-off versus Drake Batherson in Comets zone.
19:22 of 1st period - Minor Penalty to Anthony Beauvillier for Cross-checking.
19:23 of 1st period - Nicolas Petan wins face-off versus Tyson Jost in Thunderbirds zone.
19:59 of 1st period - Snap shot by Juho Lammikko.
19:59 of 1st period - Stopped by Brandon Halverson without a rebound.
Goals for this period are 1 for Comets vs 2 for Thunderbirds.
Shots for this period are 9 for Comets vs 13 for Thunderbirds.
2nd period
0:01 of 2nd period - Tyson Jost wins face-off versus Nicolas Petan in neutral zone.
1:22 of 2nd period - Penalty to Anthony Beauvillier is over, Anthony Beauvillier is back on ice.
1:32 of 2nd period - Slapshot by Dylan Gambrell.
1:32 of 2nd period - Shot Blocked by Juuso Riikola.
1:34 of 2nd period - Snap shot by Dylan Gambrell.
1:34 of 2nd period - Shot Misses the Net.
1:51 of 2nd period - Off-side.
1:52 of 2nd period - Lane Pederson wins face-off versus Dominik Kahun in neutral zone.
2:20 of 2nd period - Wrist shot by Drake Batherson.
2:20 of 2nd period - Stopped by Thatcher Demko without a rebound.
2:21 of 2nd period - Nicolas Petan wins face-off versus Dylan Gambrell in Comets zone.
3:13 of 2nd period - Wrist shot by Michael Joly.
3:13 of 2nd period - Stopped by Brandon Halverson with a rebound.
3:55 of 2nd period - Kale Clague is hit by Daniil Miromanov and loses puck.
4:35 of 2nd period - Wrist shot by Michael Joly.
4:35 of 2nd period - Stopped by Brandon Halverson without a rebound.
4:36 of 2nd period - Dominik Kahun wins face-off versus Nicolas Petan in Thunderbirds zone.
5:01 of 2nd period - Scott Harrington is hit by Patrick Brown and loses puck.
5:30 of 2nd period - Slapshot by Tanner Laczynski.
5:30 of 2nd period - Deflect By Dan Renouf.
5:30 of 2nd period - Stopped by Thatcher Demko with a rebound.
5:32 of 2nd period - Slapshot by Jared McIsaac.
5:32 of 2nd period - Deflect By Matt Puempel.
5:32 of 2nd period - Stopped by Thatcher Demko without a rebound.
5:33 of 2nd period - Dominik Kahun wins face-off versus Nicolas Petan in Comets zone.
5:50 of 2nd period - Icing by Timothy Liljegren.
5:51 of 2nd period - Jean-Sebastien Dea wins face-off versus Dominik Kahun in Thunderbirds zone.
6:00 of 2nd period - Snap shot by Phil Di Giuseppe.
6:00 of 2nd period - Stopped by Brandon Halverson with a rebound.
6:07 of 2nd period - Minor Penalty to Juho Lammikko for Interference.
6:08 of 2nd period - Dominik Kahun wins face-off versus Nicolas Petan in Comets zone.
6:17 of 2nd period - Wrist shot by Drake Batherson.
6:17 of 2nd period - Shot Misses the Net.
8:07 of 2nd period - Penalty to Juho Lammikko is over, Juho Lammikko is back on ice.
8:11 of 2nd period - Wrist shot by Nicklas Jensen.
8:11 of 2nd period - Shot Misses the Net.
8:31 of 2nd period - Snap shot by Juho Lammikko.
8:31 of 2nd period - Stopped by Brandon Halverson without a rebound.
8:32 of 2nd period - Matt Puempel wins face-off versus Tyler Graovac in Thunderbirds zone.
8:50 of 2nd period - Guillaume Brisebois is hit by Roberts Lipsbergs and loses puck.
9:14 of 2nd period - Guillaume Brisebois is hit by Dominik Kahun and loses puck.
10:17 of 2nd period - Wrist shot by Ryan Lomberg.
10:17 of 2nd period - Stopped by Brandon Halverson with a rebound.
10:37 of 2nd period - Slapshot by Andrei Svechnikov.
10:37 of 2nd period - Stopped by Thatcher Demko with a rebound.
10:39 of 2nd period - Slapshot by Patrick Brown.
10:39 of 2nd period - Goal by Patrick Brown - Comets : 1 - Thunderbirds : 3.
10:40 of 2nd period - Nicolas Petan wins face-off versus Dominik Kahun in neutral zone.
11:07 of 2nd period - William Lagesson is hit by Andrei Svechnikov and loses puck.
11:17 of 2nd period - Minor Penalty to Juho Lammikko for Hooking.
11:18 of 2nd period - Nicolas Petan wins face-off versus Dominik Kahun in Comets zone.
11:28 of 2nd period - Slapshot by Timothy Liljegren.
11:28 of 2nd period - Shot Blocked by Juuso Riikola.
11:32 of 2nd period - Snap shot by Drake Batherson.
11:32 of 2nd period - Stopped by Thatcher Demko without a rebound.
11:33 of 2nd period - Dominik Kahun wins face-off versus Nicolas Petan in Comets zone.
11:48 of 2nd period - Wrist shot by Drake Batherson.
11:48 of 2nd period - Stopped by Thatcher Demko with a rebound.
12:55 of 2nd period - William Lagesson is hit by Patrick Brown and loses puck.
13:17 of 2nd period - Penalty to Juho Lammikko is over, Juho Lammikko is back on ice.
13:29 of 2nd period - Wrist shot by Nicolas Petan.
13:29 of 2nd period - Stopped by Brandon Halverson without a rebound.
13:30 of 2nd period - Jean-Sebastien Dea wins face-off versus Tyson Jost in Thunderbirds zone.
13:47 of 2nd period - Daniil Miromanov is hit by Matt Puempel.
14:01 of 2nd period - Snap shot by Trevor Moore.
14:01 of 2nd period - Goal by Trevor Moore - Comets : 2 - Thunderbirds : 3.
14:02 of 2nd period - Nicolas Petan wins face-off versus Dominik Kahun in neutral zone.
14:05 of 2nd period - Slapshot by Juuso Riikola.
14:05 of 2nd period - Shot Misses the Net.
14:56 of 2nd period - Patrick Brown is hit by Juho Lammikko and loses puck.
15:06 of 2nd period - Snap shot by Patrick Brown.
15:06 of 2nd period - Shot Misses the Net.
15:34 of 2nd period - Minor Penalty to Juho Lammikko for Hooking.
15:35 of 2nd period - Nicolas Petan wins face-off versus Dominik Kahun in Comets zone.
15:43 of 2nd period - Off-side.
15:44 of 2nd period - Dominik Kahun wins face-off versus Nicolas Petan in neutral zone.
15:49 of 2nd period - Snap shot by Timothy Liljegren.
15:49 of 2nd period - Deflect By Drake Batherson.
15:49 of 2nd period - Stopped by Thatcher Demko with a rebound.
16:29 of 2nd period - Ryan Lomberg is hit by Kale Clague and loses puck.
16:42 of 2nd period - Wrist shot by Andrei Svechnikov.
16:42 of 2nd period - Shot Misses the Net.
16:44 of 2nd period - Slapshot by Drake Batherson.
16:44 of 2nd period - Goal by Drake Batherson - Comets : 2 - Thunderbirds : 4.
16:45 of 2nd period - Jean-Sebastien Dea wins face-off versus Tyson Jost in neutral zone.
17:12 of 2nd period - Jared McIsaac is hit by Ryan Lomberg and loses puck.
17:17 of 2nd period - Slapshot by Nicolas Petan.
17:17 of 2nd period - Stopped by Brandon Halverson with a rebound.
17:19 of 2nd period - Slapshot by Daniil Miromanov.
17:19 of 2nd period - Deflect By Ryan Lomberg.
17:19 of 2nd period - Stopped by Brandon Halverson with a rebound.
17:39 of 2nd period - Wrist shot by Dylan Gambrell.
17:39 of 2nd period - Stopped by Thatcher Demko with a rebound.
18:03 of 2nd period - Wrist shot by Drake Batherson.
18:03 of 2nd period - Shot Misses the Net.
18:05 of 2nd period - Slapshot by Jared McIsaac.
18:05 of 2nd period - Deflect By Dominik Kahun.
18:05 of 2nd period - Stopped by Thatcher Demko with a rebound.
18:21 of 2nd period - Slapshot by Daniel Zaar.
18:21 of 2nd period - Goal by Daniel Zaar - Comets : 3 - Thunderbirds : 4.
18:22 of 2nd period - Dominik Kahun wins face-off versus Nicolas Petan in neutral zone.
18:27 of 2nd period - Ryan Lomberg is hit by Dominik Kahun and loses puck.
18:32 of 2nd period - Wrist shot by Anthony Beauvillier.
18:32 of 2nd period - Stopped by Thatcher Demko with a rebound.
18:34 of 2nd period - Snap shot by Drake Batherson.
18:34 of 2nd period - Shot Misses the Net.
18:36 of 2nd period - Slapshot by Timothy Liljegren.
18:36 of 2nd period - Stopped by Thatcher Demko with a rebound.
18:38 of 2nd period - Snap shot by Radim Simek.
18:38 of 2nd period - Stopped by Thatcher Demko with a rebound.
18:48 of 2nd period - Juho Lammikko is hit by Timothy Liljegren and loses puck.
19:11 of 2nd period - Slapshot by Kale Clague.
19:11 of 2nd period - Deflect By Nicklas Jensen.
19:11 of 2nd period - Shot Misses the Net.
19:11 of 2nd period - Puck is out of play.
19:12 of 2nd period - Morgan Frost wins face-off versus Tyler Graovac in Comets zone.
19:17 of 2nd period - Snap shot by Nicklas Jensen.
19:17 of 2nd period - Deflect By Tyler Graovac.
19:17 of 2nd period - Shot Blocked by William Lagesson.
19:17 of 2nd period - Puck is out of play.
19:18 of 2nd period - Dominik Kahun wins face-off versus Nicolas Petan in Comets zone.
19:19 of 2nd period - Snap shot by Drake Batherson.
19:19 of 2nd period - Shot Blocked by Dan Renouf.
Goals for this period are 2 for Comets vs 2 for Thunderbirds.
Shots for this period are 10 for Comets vs 14 for Thunderbirds.
3rd period
0:01 of 3rd period - Dominik Kahun wins face-off versus Nicolas Petan in neutral zone.
0:04 of 3rd period - Wrist shot by Drake Batherson.
0:04 of 3rd period - Stopped by Thatcher Demko without a rebound.
0:05 of 3rd period - Dominik Kahun wins face-off versus Nicolas Petan in Comets zone.
0:38 of 3rd period - Slapshot by Andrei Svechnikov.
0:38 of 3rd period - Stopped by Thatcher Demko without a rebound.
0:39 of 3rd period - Dylan Gambrell wins face-off versus Jean-Sebastien Dea in Comets zone.
1:30 of 3rd period - Juuso Riikola is hit by Tyson Jost.
1:40 of 3rd period - Slapshot by Timothy Liljegren.
1:40 of 3rd period - Shot Misses the Net.
1:52 of 3rd period - Slapshot by Timothy Liljegren.
1:52 of 3rd period - Stopped by Thatcher Demko with a rebound.
2:50 of 3rd period - Slapshot by Kale Clague.
2:50 of 3rd period - Stopped by Thatcher Demko without a rebound.
2:51 of 3rd period - Tyson Jost wins face-off versus Tyler Graovac in Comets zone.
3:00 of 3rd period - Trevor Moore is hit by Tanner Laczynski and loses puck.
3:17 of 3rd period - Ryan Lomberg is hit by Anthony Beauvillier and loses puck.
3:40 of 3rd period - Patrick Brown is hit by Lane Pederson and loses puck.
4:28 of 3rd period - Snap shot by Kale Clague.
4:28 of 3rd period - Deflect By Tanner Laczynski.
4:28 of 3rd period - Shot Blocked by Phil Di Giuseppe.
4:28 of 3rd period - Puck is out of play.
4:29 of 3rd period - Dominik Kahun wins face-off versus Nicolas Petan in Comets zone.
4:35 of 3rd period - Minor Penalty to Ryan Lomberg for Holding.
4:36 of 3rd period - Dominik Kahun wins face-off versus Nicolas Petan in Comets zone.
4:50 of 3rd period - Snap shot by Dominik Kahun.
4:50 of 3rd period - Shot Misses the Net.
4:52 of 3rd period - Snap shot by Andrei Svechnikov.
4:52 of 3rd period - Deflect By Dominik Kahun.
4:52 of 3rd period - Stopped by Thatcher Demko with a rebound.
5:11 of 3rd period - Snap shot by Kale Clague.
5:11 of 3rd period - Stopped by Thatcher Demko with a rebound.
6:35 of 3rd period - Penalty to Ryan Lomberg is over, Ryan Lomberg is back on ice.
6:49 of 3rd period - Wrist shot by Trevor Moore.
6:49 of 3rd period - Goal by Trevor Moore - Comets : 4 - Thunderbirds : 4.
6:50 of 3rd period - Matt Puempel wins face-off versus Ryan Lomberg in neutral zone.
6:52 of 3rd period - Minor Penalty to Jake Walman for Tripping.
6:53 of 3rd period - Tyson Jost wins face-off versus Nicolas Petan in Thunderbirds zone.
6:59 of 3rd period - Wrist shot by Ryan Lomberg.
6:59 of 3rd period - Stopped by Brandon Halverson without a rebound.
7:00 of 3rd period - Tyson Jost wins face-off versus Nicolas Petan in Thunderbirds zone.
7:13 of 3rd period - Snap shot by Daniel Zaar.
7:13 of 3rd period - Shot Misses the Net.
7:15 of 3rd period - Snap shot by Juuso Riikola.
7:15 of 3rd period - Stopped by Brandon Halverson without a rebound.
7:16 of 3rd period - Nicolas Petan wins face-off versus Tyson Jost in Thunderbirds zone.
8:05 of 3rd period - Timothy Liljegren is hit by Juho Lammikko and loses puck.
8:18 of 3rd period - Slapshot by Dominik Kahun.
8:18 of 3rd period - Stopped by Thatcher Demko without a rebound.
8:19 of 3rd period - Dominik Kahun wins face-off versus Nicolas Petan in Comets zone.
8:38 of 3rd period - Snap shot by Jean-Sebastien Dea.
8:38 of 3rd period - Stopped by Brandon Halverson without a rebound.
8:39 of 3rd period - Tyson Jost wins face-off versus Phil Di Giuseppe in Thunderbirds zone.
8:39 of 3rd period - Tyson Jost is hit by Juho Lammikko.
8:52 of 3rd period - Penalty to Jake Walman is over, Jake Walman is back on ice.
9:06 of 3rd period - Off-side.
9:07 of 3rd period - Dylan Gambrell wins face-off versus Nicolas Petan in neutral zone.
9:22 of 3rd period - Snap shot by Daniel Zaar.
9:22 of 3rd period - Shot Misses the Net.
9:34 of 3rd period - Phil Di Giuseppe is hit by Dominik Kahun.
9:42 of 3rd period - Scott Harrington is hit by Jake Walman and loses puck.
10:25 of 3rd period - Radim Simek is hit by Ryan Lomberg and loses puck.
10:48 of 3rd period - Slapshot by Daniil Miromanov.
10:48 of 3rd period - Shot Hit the Post.
10:50 of 3rd period - Wrist shot by Lane Pederson.
10:50 of 3rd period - Stopped by Brandon Halverson without a rebound.
10:51 of 3rd period - Dominik Kahun wins face-off versus Jean-Sebastien Dea in Thunderbirds zone.
11:18 of 3rd period - Nicolas Petan is hit by Kale Clague and loses puck.
11:29 of 3rd period - Wrist shot by Andrei Svechnikov.
11:29 of 3rd period - Shot Blocked by Nicolas Petan.
11:34 of 3rd period - Icing by Nicolas Petan.
11:35 of 3rd period - Nicolas Petan wins face-off versus Drake Batherson in Comets zone.
11:35 of 3rd period - Nicolas Petan is hit by Jared McIsaac.
11:43 of 3rd period - Anthony Beauvillier is hit by Scott Harrington and loses puck.
11:50 of 3rd period - Slapshot by Jake Walman.
11:50 of 3rd period - Deflect By Dominik Kahun.
11:50 of 3rd period - Shot Misses the Net.
11:50 of 3rd period - Puck is out of play.
11:51 of 3rd period - Dylan Gambrell wins face-off versus Phil Di Giuseppe in Comets zone.
12:16 of 3rd period - Daniel Zaar is hit by Radim Simek and loses puck.
12:41 of 3rd period - Matt Puempel is hit by Tyler Graovac and loses puck.
12:58 of 3rd period - William Lagesson is hit by Nicklas Jensen and loses puck.
13:07 of 3rd period - Wrist shot by Phil Di Giuseppe.
13:07 of 3rd period - Goal by Phil Di Giuseppe - Comets : 5 - Thunderbirds : 4.
13:08 of 3rd period - Nicolas Petan wins face-off versus Anthony Beauvillier in neutral zone.
13:11 of 3rd period - Slapshot by Ryan Lomberg.
13:11 of 3rd period - Stopped by Brandon Halverson with a rebound.
14:26 of 3rd period - Snap shot by Nicklas Jensen.
14:26 of 3rd period - Stopped by Thatcher Demko without a rebound.
14:27 of 3rd period - Dominik Kahun wins face-off versus Phil Di Giuseppe in Comets zone.
16:32 of 3rd period - Snap shot by Juho Lammikko.
16:32 of 3rd period - Stopped by Brandon Halverson without a rebound.
16:33 of 3rd period - Jean-Sebastien Dea wins face-off versus Tyson Jost in Thunderbirds zone.
16:58 of 3rd period - Anthony Beauvillier is hit by Daniil Miromanov and loses puck.
18:38 of 3rd period - Daniil Miromanov is hit by Drake Batherson and loses puck.
18:59 of 3rd period - Andrei Svechnikov is hit by Nicolas Petan and loses puck.
19:08 of 3rd period - Thunderbirds, Brandon Halverson is pulled from the net.
19:34 of 3rd period - Wrist shot by Dominik Kahun.
19:34 of 3rd period - Shot Blocked by Daniel Zaar.
19:36 of 3rd period - Snap shot by Kale Clague.
19:36 of 3rd period - Stopped by Thatcher Demko with a rebound.
19:38 of 3rd period - Slapshot by Kale Clague.
19:38 of 3rd period - Shot Blocked by Guillaume Brisebois.
19:40 of 3rd period - Wrist shot by Dominik Kahun.
19:40 of 3rd period - Stopped by Thatcher Demko with a rebound.
19:42 of 3rd period - Slapshot by Kale Clague.
19:42 of 3rd period - Goal by Kale Clague - Comets : 5 - Thunderbirds : 5.
19:42 of 3rd period - Brandon Halverson from Thunderbirds was sent back in the game.
19:43 of 3rd period - Morgan Frost wins face-off versus Juho Lammikko in neutral zone.
Goals for this period are 2 for Comets vs 1 for Thunderbirds.
Shots for this period are 8 for Comets vs 11 for Thunderbirds.
Overtime #1
0:01 of 1st overtime period - Anthony Beauvillier wins face-off versus Daniel Zaar in neutral zone.
0:08 of 1st overtime period - Slapshot by Radim Simek.
0:08 of 1st overtime period - Stopped by Thatcher Demko with a rebound.
1:07 of 1st overtime period - Wrist shot by Dylan Gambrell.
1:07 of 1st overtime period - Shot Misses the Net.
1:09 of 1st overtime period - Slapshot by Dominik Kahun.
1:09 of 1st overtime period - Shot Blocked by Phil Di Giuseppe.
1:11 of 1st overtime period - Wrist shot by Dominik Kahun.
1:11 of 1st overtime period - Shot Misses the Net.
2:12 of 1st overtime period - Daniel Zaar is hit by Kale Clague and loses puck.
3:27 of 1st overtime period - Snap shot by Phil Di Giuseppe.
3:27 of 1st overtime period - Shot Misses the Net.
4:36 of 1st overtime period - Wrist shot by Mackenzie MacEachern.
4:36 of 1st overtime period - Stopped by Brandon Halverson with a rebound.
Goals for this period are 0 for Comets vs 0 for Thunderbirds.
Shots for this period are 1 for Comets vs 1 for Thunderbirds.
ShootOut
5:00 of 1st overtime period - Round #1.
5:00 of 1st overtime period - Comets, Daniel Zaar.
5:00 of 1st overtime period - Deke by Daniel Zaar.
5:00 of 1st overtime period - Goal by Daniel Zaar.
5:00 of 1st overtime period - Thunderbirds, Andrei Svechnikov.
5:00 of 1st overtime period - Snap shot by Andrei Svechnikov.
5:00 of 1st overtime period - Shot Misses the Net.
5:00 of 1st overtime period - Round #2.
5:00 of 1st overtime period - Comets, Ryan Lomberg.
5:00 of 1st overtime period - Snap shot by Ryan Lomberg.
5:00 of 1st overtime period - Shot Misses the Net.
5:00 of 1st overtime period - Thunderbirds, Anthony Beauvillier.
5:00 of 1st overtime period - Deke by Anthony Beauvillier.
5:00 of 1st overtime period - Stopped by Thatcher Demko.
5:00 of 1st overtime period - Round #3.
5:00 of 1st overtime period - Comets, Nicolas Petan.
5:00 of 1st overtime period - Snap shot by Nicolas Petan.
5:00 of 1st overtime period - Goal by Nicolas Petan.